 Dungeon Crawl Stone Soup version 0.30.0-17-ge0270778cf (webtiles) character file.

Game seed: 17846090725036684643

26197 NateTC the Bludgeoner (level 13, -12/129 HPs)
             Began as a Gargoyle Fighter on May 21, 2023.
             Was an Initiate of Gozag.
             Mangled by a large slime creature (27 damage)
             ... on level 1 of the Pits of Slime.
             The game lasted 00:27:09 (12955 turns).

NateTC the Bludgeoner (Gargoyle Fighter)           Turns: 12955, Time: 00:27:10

Health: -12/129    AC: 10    Str: 24    XL:     13   Next: 24%
Magic:  13/13      EV:  2    Int: 10    God:    Gozag
Gold:   1648       SH:  5    Dex:  9    Spells: 12/12 levels left

rFire   + + .        a - +2 morningstar (heavy)
rCold   + + .        c - +0 buckler
rNeg    + . .        i - melded +6 plate armour
rPois   ∞            D - melded +0 helmet "Comur" {rPois Will++ Str-4 Slay+5}
rElec   +            C - melded +2 cloak
rCorr   +            (gloves currently unavailable)
SInv    .            (boots currently unavailable)
Will    .....        (no amulet)
Stlth   +            j - ring of protection from cold
HPRegen 0.41/turn    v - ring of protection from fire
MPRegen 0.13/turn

%: no passive effects
@: mighty, tree-form, resistant, corroded
A: stationary, stasis, torment immunity, boosted hp, sickness immunity, AC +9,
negative energy resistance 1, (electricity resistance), torment resistance 1,
petrification resistance
a: End Transformation, Renounce Religion, Potion Petition, Call Merchant, Bribe
Branch


You were on level 1 of the Pits of Slime.
You worshipped Gozag.
Gozag was most pleased with you.
You were a tree.
You visited 4 branches of the dungeon, and saw 15 of its levels.
You also visited: Ossuary and Gauntlet.

You collected 3043 gold pieces.
You spent 951 gold pieces at shops.
You paid 444 gold pieces to Gozag.

Inventory:

Hand Weapons
 a - a +2 heavy morningstar (weapon)
Armour
 c - a +0 buckler (worn)
 i - a +6 plate armour (melded)
 C - a +2 cloak (melded)
 D - the +0 helmet "Comur" (melded) {rPois Will++ Str-4 Slay+5}
   (You bought it in a shop on level 5 of the Dungeon)

   Str:       It affects your strength (-4).
   Slay:      It affects your accuracy & damage with ranged weapons and melee
   (+5).
   rPois:     It protects you from poison.
   Will:      It greatly increases your willpower.
Jewellery
 j - a ring of protection from cold (left branch)
 v - a ring of protection from fire (right branch)
 y - an amulet of the acrobat
 E - a ring of willpower
Wands
 d - a wand of light (20)
 m - a wand of flame (33)
 r - a wand of mindburst (17)
 x - a wand of digging (3)
 A - a wand of charming (6)
Scrolls
 e - 8 scrolls of teleportation
 g - 3 scrolls of fog
 o - 4 scrolls of noise
 w - 2 scrolls of magic mapping
 z - a scroll of fear
Potions
 b - 2 potions of brilliance
 f - 8 potions of curing
 h - 3 potions of attraction
 k - 5 potions of lignification
 l - 5 potions of mutation
 n - a potion of magic
 p - a potion of berserk rage
 q - 2 potions of ambrosia
 s - 2 potions of flight
 t - 2 potions of haste {unknown}
 u - a potion of experience {unknown}


   Skills:
 * Level 12.2 Fighting
 - Level 15.4 Maces & Flails
 - Level 12.1 Armour
 - Level 6.5 Shields


You had 12 spell levels left.
You didn't know any spells.
Your spell library contained the following spells:

 Spells                   Type           Power      Damage    Failure   Level
 Apportation              Tloc           0%         N/A       41%         1
 Wereblood                Tmut           0%         N/A       54%         2
 Dazzling Flash           Conj/Hex       0%         N/A       78%         3
 Hailstorm                Conj/Ice       0%         3d3       78%         3
 Ignite Poison            Fire/Tmut/Pois 0%         N/A       78%         3
 Ice Form                 Ice/Tmut       0%         N/A       99%         4
 Petrify                  Tmut/Erth      0%         N/A       99%         4
 Sticky Flame             Conj/Fire      0%         2d3       99%         4
 Agony                    Necr           0%         N/A       100%        5
 Alistair's Intoxication  Tmut/Pois      0%         N/A       100%        5
 Irradiate                Conj/Tmut      0%         3d11      100%        5
 Silence                  Hex/Air        0%         N/A       100%        5
 Summon Hydra             Summ           0%         N/A       100%        7
 Ignition                 Fire           0%         3d3       100%        8
 Sublimation of Blood     Necr           Unusable   N/A       N/A         2
 Simulacrum               Ice/Necr       Unusable   N/A       N/A         6

Dungeon Overview and Level Annotations

Branches:
Dungeon (9/15) Zot: 25917  Temple (1/1) D:4 Zot: 5801    Lair (4/5) D:9 Zot: 19995
 Shoals (0/4) Lair:2       Spider (0/4) Lair:3        Slime (1/5) Lair:4 Zot: 5979
Ossuary (visited)         Gauntlet (visited)
    Orc: D:9-12

Altars:
Ashenzari
Cheibriados
Dithmenos
Elyvilon
Fedhas
Gozag
Hepliaklqana
Kikubaaqudgha
Makhleb
Nemelex Xobeh
Okawaru
Qazlal
Ru
Sif Muna
Trog
Uskayaw
Vehumet
Wu Jian
Xom
Yredelemnul
Zin
The Shining One
Jiyva

Shops:
D:5 [   D:9 *

Annotations:
D:7 3 runed translucent doors, Diggabert's ghost, novice FoFi; cheesebisquit's ghost, novice MfIE; sasquatch's ghost, novice DgFE
Lair:4 exclusion: 3 oklob plants


Innate Abilities, Weirdness & Mutations

You are a tree.
Your roots penetrate the ground, keeping you stationary.
You cannot be teleported.
You are immune to unholy pain and torment.
Your maximum health is greatly increased.
Your equipment is partially melded.
You are immune to sickness and miasma.
((Your stone body is resilient. (AC +9)))
You are immune to poison.
You resist negative energy. (rN+)
((You are resistant to electric shocks. (rElec)))
You are resistant to unholy torment.
You are immune to petrification.


Message History

* * * LOW HITPOINT WARNING * * *
You block the slime creature's attack.
You hit the slime creature.
The slime creature is heavily wounded.
Two slime creatures merge to form a large slime creature. x2
The slime creature hits you!
* * * LOW HITPOINT WARNING * * *
A very large slime creature splits.
You block the slime creature's attack. The slime creature hits you!
* * * LOW HITPOINT WARNING * * *
The slime creature jiggles.
Two slime creatures merge to form a very large slime creature.
Okay, then.
You feel much better.
Two slime creatures merge to form a titanic slime creature.
The slime creature barely misses you.
The slime creature hits you but does no damage. x2
Two slime creatures merge to form a large slime creature.
You puncture the large slime creature!
The large slime creature is heavily wounded.
The slime creature hits you.
* * * LOW HITPOINT WARNING * * *
You block the large slime creature's attack.
The slime creature hits you!
* * * LOW HITPOINT WARNING * * *
As you read the scroll of fear, it crumbles to dust.
You assume a fearsome visage.
The slime creature looks frightened!
The titanic slime creature looks frightened!
The large slime creature resists with some effort.
The large slime creature looks frightened!
The slime creature looks frightened!
There are monsters nearby!
Okay, then.
You cannot move.
There are monsters nearby!
You skewer the large slime creature like a kebab!!!
The large slime creature is heavily wounded.
The large slime creature hits you!!
You die...
Your body crumbles into a pile of gold.

.... . . .... .
.#.#.#.#.#. .
.. .#.#.#.#.#..
#. .........#.
..#.......#.. #
#.J...8...#
....#..J....#..
#J..♣.....#
#..#.......#..
#.........#
..#J#J#.#.#..
#. .#.#.#. .#.
# .. . . .. ..
## . . .. . ..
.. ...


You could see a titanic slime creature (fleeing), 2 large slime creatures and 2
slime creatures.

Vanquished Creatures
  Gastronok (D:8)
  A catoblepas (Lair:1)
  A hydra (Lair:4)
  A boulder beetle (Lair:3)
  Erica (Lair:2)
  4 death yaks
  2 skysharks
  Pikel (D:8)
  An oklob plant (Lair:4)
  4 black mambas
  4 elephants (Lair:2)
  A torpor snail (Lair:4)
  2 water nymphs (Lair:2)
  6 cane toads
  3 rime drakes
  Maggie (D:8)
  3 komodo dragons
  A kobold demonologist (D:9)
  2 trolls (D:9)
  2 polar bears (Lair:4)
  Sigmund (D:3)
  22 yaks
  3 wyverns
  3 basilisks
  A steam dragon (D:4)
  3 redbacks (Lair:3)
  7 water moccasins
  7 black bears
  An ice beast (D:7)
  3 orc warriors
  A sky beast (D:7)
  4 ogres
  3 wolves (Lair:3)
  2 centaurs (D:8)
  4 kobold brigands
  A phantom (D:5)
  11 bullfrogs
  6 scorpions
  5 wights
  12 killer bees (D:9)
  4 howler monkeys
  A jelly (D:5)
  An electric eel (Lair:2)
  2 hounds
  4 orc priests
  6 iguanas
  A sleepcap (D:5)
  6 orc wizards
  A mummy (Ossuary)
  8 adders
  2 shadow imps
  A white imp (D:5)
  An ufetubus (D:7)
  3 worms
  30 orcs
  A spectral bat (Ossuary)
  3 ball pythons
  6 endoplasms
  3 giant cockroaches
  5 goblins
  8 hobgoblins
  3 jackals (D:1)
  5 quokkas
  5 bats
  A bat simulacrum (Ossuary)
  2 frilled lizards
  12 gnoll zombies (Ossuary)
  4 goblin simulacra (Ossuary)
  3 goblin zombies (Ossuary)
  5 hobgoblin zombies (Ossuary)
  30 kobolds
  5 kobold simulacra (Ossuary)
  5 kobold zombies (Ossuary)
  5 orc zombies (Ossuary)
  7 rats
  4 rat simulacra (Ossuary)
  8 spectral goblins (Ossuary)
  4 spectral kobolds (Ossuary)
  A spectral rat (Ossuary)
348 creatures vanquished.

Notes
Turn   | Place    | Note
-------+----------+-------------------------------------------
     0 | D:1      | NateTC the Gargoyle Fighter began the quest for the Orb.
     0 | D:1      | Reached XP level 1. HP: 14/14 MP: 1/1
   206 | D:1      | Reached XP level 2. HP: 14/19 MP: 2/2
   907 | D:2      | Reached skill level 3 in Maces & Flails
   907 | D:2      | Reached XP level 3. HP: 18/24 MP: 3/3
  1595 | D:3      | Reached XP level 4. HP: 26/29 MP: 4/4
  1882 | D:3      | Reached skill level 4 in Maces & Flails
  1933 | D:3      | Noticed Sigmund
  1985 | D:3      | Killed Sigmund
  1986 | D:3      | Reached skill level 6 in Maces & Flails
  1986 | D:3      | Reached XP level 5. HP: 33/33 MP: 5/5
  1986 | D:3      | Reached XP level 6. HP: 38/38 MP: 6/6
  2450 | D:4      | Found a staircase to the Ecumenical Temple.
  2459 | Temple   | Entered the Ecumenical Temple
  2659 | D:4      | Noticed a black bear
  2670 | D:4      | Killed a black bear
  2671 | D:4      | Reached skill level 5 in Armour
  2671 | D:4      | Reached XP level 7. HP: 43/43 MP: 7/7
  3143 | D:4      | Noticed a steam dragon
  3151 | D:4      | Killed a steam dragon
  3152 | D:4      | Reached skill level 7 in Maces & Flails
  3321 | D:5      | Entered Level 5 of the Dungeon
  3347 | D:5      | Reached XP level 8. HP: 37/48 MP: 8/8
  3512 | D:5      | Reached skill level 8 in Maces & Flails
  3567 | D:5      | Reached skill level 5 in Fighting
  3597 | D:5      | Found an opulent altar of Gozag.
  3611 | D:5      | Became a worshipper of Gozag Ym Sagoz the Greedy
  3750 | D:5      | Found Iloph's Armour Emporium.
  4253 | D:5      | Reached skill level 9 in Maces & Flails
  4548 | D:6      | Reached XP level 9. HP: 45/55 MP: 9/9
  4845 | D:6      | Reached skill level 10 in Maces & Flails
  5382 | D:7      | Reached skill level 11 in Maces & Flails
  5449 | D:7      | Found a sand-covered staircase.
  5457 | Ossuary  | Entered an ossuary
  6186 | D:7      | Found a radiant altar of Vehumet.
  6232 | D:7      | Found a runed translucent gate.
  6232 | D:7      | Found a runed translucent gate.
  6232 | D:7      | Found a runed translucent gate.
  6232 | D:7      | Noticed Diggabert's ghost (novice FoFi)
  6232 | D:7      | Noticed cheesebisquit's ghost (novice MfIE)
  6233 | D:7      | Noticed sasquatch's ghost (novice DgFE)
  6444 | D:5      | Bought a +2 cloak for 247 gold pieces
  6449 | D:5      | Bought the +0 helmet "Comur" {rPois Will++ Str-4 Slay+5}
                  | for 634 gold pieces
  6526 | D:8      | Noticed Maggie
  6530 | D:8      | Killed Maggie
  6585 | D:8      | Noticed Pikel
  6599 | D:8      | Reached skill level 12 in Maces & Flails
  6599 | D:8      | Reached XP level 10. HP: 53/61 MP: 10/10
  6602 | D:8      | Killed Pikel
  6721 | D:8      | Noticed Gastronok
  6740 | D:8      | Killed Gastronok
  7541 | D:9      | Noticed a kobold demonologist
  7551 | D:9      | Noticed a rust devil
  7551 | D:9      | Killed a kobold demonologist
  7576 | D:9      | Reached skill level 10 in Armour
  7620 | D:9      | Reached XP level 11. HP: 45/66 MP: 11/11
  7732 | D:9      | Found a staircase to the Lair.
  7961 | D:9      | Found Koxkily's General Store.
  7969 | D:9      | Bought a potion of heal wounds for 70 gold pieces
  8571 | Lair:1   | Entered Level 1 of the Lair of Beasts
  9008 | Lair:1   | Reached skill level 5 in Shields
  9085 | Lair:1   | Noticed a catoblepas
  9094 | Lair:1   | Killed a catoblepas
  9845 | Lair:2   | Reached skill level 13 in Maces & Flails
  9845 | Lair:2   | Reached XP level 12. HP: 19/76 MP: 12/12
  9931 | Lair:2   | Found a gate leading to a gauntlet.
  9936 | Lair:2   | Identified the -1 helmet "Ecvon" {rElec rC- Str+3 Dex+3}
  9942 | Gauntlet | Entered a Gauntlet
  9942 | Gauntlet | Found a transporter.
  9942 | Gauntlet | Found a transporter.
  9949 | Gauntlet | Noticed a catoblepas
 10026 | Gauntlet | Found a transporter.
 10026 | Gauntlet | Found a transporter.
 10033 | Gauntlet | Found a transporter.
 10045 | Gauntlet | Found a transporter.
 10046 | Gauntlet | Noticed a hell hog
 10046 | Gauntlet | Noticed a balrug
 10050 | Gauntlet | Found a transporter.
 10050 | Gauntlet | Found a transporter.
 10074 | Gauntlet | Found a transporter.
 10081 | Gauntlet | Found a transporter.
 10093 | Gauntlet | Found a transporter.
 10113 | Gauntlet | Found a transporter.
 10147 | Gauntlet | Found a transporter.
 10163 | Gauntlet | Found a transporter.
 10265 | Gauntlet | Found a transporter.
 10279 | Gauntlet | Found a transporter.
 10842 | Lair:2   | Noticed Erica
 10859 | Lair:2   | Killed Erica
 11266 | Lair:3   | Noticed a skyshark
 11277 | Lair:2   | Reached skill level 14 in Maces & Flails
 11325 | Lair:2   | Killed a skyshark
 11409 | Lair:3   | Noticed a skyshark
 11428 | Lair:3   | Killed a skyshark
 11491 | Lair:3   | Reached skill level 15 in Maces & Flails
 11683 | Lair:3   | Found a hole to the Spider Nest.
 11825 | Lair:3   | Noticed a death yak
 11826 | Lair:3   | Noticed a death yak
 11827 | Lair:3   | Noticed a death yak
 11827 | Lair:3   | Noticed a death yak
 11844 | Lair:2   | Killed a death yak
 11849 | Lair:2   | Killed a death yak
 11852 | Lair:2   | Killed a death yak
 11853 | Lair:2   | Reached skill level 10 in Fighting
 12026 | Lair:3   | Killed a death yak
 12027 | Lair:3   | Reached XP level 13. HP: 71/83 MP: 13/13
 12798 | Lair:4   | Found a viscous altar of Jiyva.
 12800 | Lair:4   | Found a staircase to the Slime Pits.
 12936 | Slime:1  | Entered Level 1 of the Pits of Slime
 12943 | Slime:1  | HP: 1/86 [slime creature (9)]
 12955 | Slime:1  | Mangled by a large slime creature

Illustrated notes

Levels and vault maps discovered:
D:1:      ebering_trefoil_3fold, layout_basic, minmay_misc_feat_secret_circle
D:2:      layout_loops_ring
D:3:      layout_rooms, minmay_misc_feat_x, minmay_crystal_room,
          minmay_fractal_squares_gapless_5, uniq_sigmund
D:4:      layout_cave_pools, minmay_temple_entry_drinking_statues
D:5:      layout_basic, nicolae_gozag_cash_rules_everything_around_me,
          serial_shops, shop
D:6:      layout_rooms
D:7:      layout_cave_pods, kennysheep_little_box, enter_ossuary_1,
          gammafunk_ghost_cemetery, minivault_1
D:8:      layout_cave_pods, grunt_tough_drop, uniq_gastronok, uniq_pikel,
          uniq_maggie
D:9:      layout_loops_ring, due_lair_maze_entry_diamond, serial_shops, shop
Temple:   nicolae_temple_bog_church
Lair:1:   minmay_lair_venomous_thicket, layout_long_grid
Lair:2:   layout_regular_city, nicolae_shoals_entry_flooding,
          gauntlet_entry_generic, grunt_forest_small_clearing_treed,
          serial_bayou_shore_a, uniq_erica
Lair:3:   layout_misc_corridors, spider_nest_entry_webs, minmay_lindwurm_lava,
          infiniplex_staircase_pool
Lair:4:   layout_cave_pods, minmay_slime_entry_oklob_enclosed,
          serial_bayou_shore_b, lemuel_fruit_fields
Slime:1:  layout_caves, cheibrodos_slime_lost_civilization_6

Skill      XL: |  1  2  3  4  5  6  7  8  9 10 11 12 13 |
---------------+----------------------------------------+-----
Maces & Flails | 3 6 7 9 12 13 15 | 15.4
Fighting       | 4 6 9 10 12 | 12.2
Armour         | 5 11 12 | 12.1
Shields        | 6 |  6.5

Action                     |  1- 3 |  4- 6 |  7- 9 | 10-12 | 13-15 || total
---------------------------+-------+-------+-------+-------+-------++-------
  Melee: Flail             |    96 |   115 |   218 |       |       ||   429
         Morningstar       |       |       |   190 |   374 |    66 ||   630
 Invoke: Potion Petition   |       |       |       |       |     1 ||     1
    Use: Scroll            |     8 |     1 |     8 |    11 |     4 ||    32
         Potion            |       |     2 |       |     1 |     3 ||     6
   Stab: Distracted        |       |       |     2 |     3 |       ||     5
 Armour: Scale mail        |    61 |       |       |       |       ||    61
         Plate armour      |     2 |   119 |   323 |   443 |    49 ||   936
         Skin              |       |       |       |       |     2 ||     2
  Dodge: Dodged            |    54 |    33 |   123 |   149 |    21 ||   380
  Block: Buckler           |    21 |    19 |    68 |   128 |    22 ||   258
